 Dungeon Sprint DCSS version 0.24-a0-48-g0ecae65 (webtiles) character file.

Game seed: 5777426175437074962

300 tatocazan the Cleaver (level 9, -1/90 HPs)
             Began as a Deep Dwarf Fighter on Feb 3, 2019.
             Was a High Priest of Makhleb.
             Slain by the 26-headed Lernaean hydra (9 damage)
             ... in the Dungeon (Sprint VI: "Thunderdome").
             The game lasted 00:07:11 (654 turns).

tatocazan the Cleaver (Deep Dwarf Fighter)           Turns: 654, Time: 00:07:12

Health: -1/90      AC:  8    Str: 29    XL:     9   Next: 17%
Magic:  17/17      EV: 13    Int:  8    God:    Makhleb [*****.]
Gold:   58         SH: 14    Dex: 21    Spells: 8/8 levels left

rFire    . . .     SeeInvis .   r - +0 broad axe
rCold    + . .     Gourm    .   c - +0 shield
rNeg     . . .     Faith    .   b - +0 scale mail
rPois    +         Spirit   .   (no helmet)
rElec    .         Reflect  .   (no cloak)
rCorr    .         Harm     .   (no gloves)
MR       +....     NoTele   +   (no boots)
Stlth    ..........             t - amulet "Fairi" {Acrobat rPois Dex+4}
HPRegen  0.00/turn              s - ring "Hyfu" {rPois rC+ Dex+5 Stlth-}
MPRegen  0.15/turn              (no ring)

@: mighty, non-regenerating, hasted, very quick
A: damage resistance, heal wounds, sense surroundings 2, no regeneration
a: Heal Wounds, Minor Destruction, Lesser Servant of Makhleb, Major Destruction,
Greater Servant of Makhleb, Renounce Religion


You were in the Dungeon.
You worshipped Makhleb.
Makhleb was extremely pleased with you.
You were not hungry.

You visited 1 branch You collected 600 gold pieces.
You spent 542 gold pieces at shops.

Inventory:

Hand Weapons
 a - a +0 war axe
 r - a +0 broad axe (weapon)
Armour
 b - a +0 scale mail (worn)
 c - a +0 shield (worn)
Jewellery
 s - the ring "Hyfu" (left hand) {rPois rC+ Dex+5 Stlth-}
   (You bought it in a shop in the Dungeon)

   [ring of poison resistance]

   It affects your dexterity (+5).
   It protects you from cold.
   It protects you from poison.
   It makes you less stealthy.
 t - the amulet "Fairi" (around neck) {Acrobat rPois Dex+4}
   (You bought it in a shop in the Dungeon)

   [amulet of the acrobat]

   It helps you evade while moving and waiting.
   It affects your dexterity (+4).
   It protects you from poison.
Wands
 e - a wand of enslavement (3)
 l - a wand of acid (4)
 m - a wand of iceblast (5)
Scrolls
 k - 4 scrolls of blinking
 n - 3 scrolls of fog
Potions
 g - 4 potions of heal wounds
 h - 3 potions of haste
 i - 2 potions of magic
 j - a potion of berserk rage
 o - a potion of resistance
 q - a potion of mutation {unknown}
Comestibles
 f - a ration


   Skills:
 + Level 8.9 Fighting
 * Level 11.1 Axes
 + Level 10.5 Armour
 + Level 4.5 Dodging
 + Level 10.6 Shields
 + Level 11.0 Invocations


You had 8 spell levels left.
You didn't know any spells.
Your spell library was empty.

Dungeon Overview and Level Annotations

Branches:
Dungeon (1/1)

Altars:
Cheibriados
Dithmenos
Fedhas
Gozag
Kikubaaqudgha
Makhleb
Okawaru
Qazlal
Ru
Sif Muna
Trog
Uskayaw
Vehumet
Wu Jian
Xom
Yredelemnul
Zin
The Shining One
Beogh
Jiyva
Lugonu

Shops:
D *[%??*?*:[((!!!!

Annotations:
D Lernaean hydra


Innate Abilities, Weirdness & Mutations

You are resistant to damage.
You can heal yourself by infusing magical energy.
You passively map the area around you.
You do not regenerate.


Message History

The 26-headed Lernaean hydra barely misses you.
The 26-headed Lernaean hydra bites you but does no damage.
The 26-headed Lernaean hydra bites you!
* * * LOW HITPOINT WARNING * * *
The 26-headed Lernaean hydra bites you but does no damage.
The 26-headed Lernaean hydra closely misses you.
The 26-headed Lernaean hydra bites you!
* * * LOW HITPOINT WARNING * * *
The 26-headed Lernaean hydra bites you!
* * * LOW HITPOINT WARNING * * *
The 26-headed Lernaean hydra bites you.
The 26-headed Lernaean hydra barely misses you.
The 26-headed Lernaean hydra bites you.
* * * LOW HITPOINT WARNING * * *
The 26-headed Lernaean hydra bites you.
You block the 26-headed Lernaean hydra's attack.
The 26-headed Lernaean hydra bites you but does no damage.
The 26-headed Lernaean hydra misses you.
The 26-headed Lernaean hydra bites you!
You die...

##§⌠⌠## #.....# ##.....##
##∩.....∩## #∩.[)....∩#
#_........# #_3..4..._#
#_.3D.).._# ###†..@)....###
#§...........⌠#
######.8.....3..[8.######
##∩___......###......_._∩##
###∩........8.# #.8........∩###
##.............###.........[...#
#⌠..........###...###..........⌠
#⌠....[.....# #.<.# #..........⌠
#⌠..........###...###..........⌠


You could see the 26-headed Lernaean hydra, a friendly hellwing and 3 friendly
smoke demons.

Vanquished Creatures
  An ogre mage (D)
  A queen ant (D)
  A soldier ant (D)
  3 ogres (D)
  A gnoll sergeant (D)
  2 hounds (D)
  2 gnoll shamans (D)
  Jessica (D)
  4 worker ants (D)
  2 gnolls (D)
  An ooze (D)
  A worm (D)
  A frilled lizard (D)
  A rat (D)
22 creatures vanquished.

Vanquished Creatures (collateral kills)
  Erolcha (D)
  A swamp drake (D)
  2 ogres (D)
4 creatures vanquished.

Grand Total: 26 creatures vanquished

Notes
Turn   | Place    | Note
-------+----------+-------------------------------------------
     0 | D        | tatocazan the Deep Dwarf Fighter began the quest for the
                  | Orb.
     0 | D        | Reached XP level 1. HP: 20/20 MP: 1/1
     1 | D        | Found a deep blue altar of Sif Muna.
     1 | D        | Found a stormy altar of Qazlal.
     2 | D        | Found a hide-covered altar of Uskayaw.
     3 | D        | Found a burning altar of Makhleb.
     4 | D        | Found a bloodstained altar of Trog.
     4 | D        | Found a shadowy altar of Dithmenos.
     4 | D        | Found Aratinn's Staff Store.
     4 | D        | Found Tedaj's Magic Scroll Shop.
     5 | D        | Found Jamul's Must-Have Magic.
     5 | D        | Found Gesseraq's Magic Scroll Shop.
     5 | D        | Round 1.
     8 | D        | Found a roughly hewn altar of Beogh.
    12 | D        | Became a worshipper of Makhleb the Destroyer
    29 | D        | Found an iron altar of Okawaru.
    29 | D        | Found Wodghim's Distillery.
    29 | D        | Found Nonin's Distillery.
    30 | D        | Found Jeapp's Bottled Wisdom.
    35 | D        | Found Tomecs's Do-It-Yourself Clinic.
    35 | D        | Found a corrupted altar of Lugonu.
    35 | D        | Found an opulent altar of Gozag.
    35 | D        | Found a blossoming altar of Fedhas.
    44 | D        | Found a viscous altar of Jiyva.
    44 | D        | Noticed Jessica
    48 | D        | Found a snail-covered altar of Cheibriados.
    48 | D        | Found Tullef's Weapon Rack.
    50 | D        | Found Utokhluq's Basic Armour.
    50 | D        | Found Meguorem's Miscellaneous Merchandise.
    51 | D        | Found an ancient bone altar of Kikubaaqudgha.
    51 | D        | Found a shimmering altar of Xom.
    51 | D        | Found an ornate altar of the Wu Jian Council.
    51 | D        | Found Ycle's Premium Goods.
    54 | D        | Killed Jessica
    54 | D        | Reached XP level 2. HP: 25/30 MP: 2/2
    60 | D        | Reached XP level 3. HP: 30/36 MP: 3/3
    62 | D        | Reached * piety under Makhleb
    73 | D        | Bought a +0 broad axe for 120 gold pieces
    84 | D        | Reached skill level 1 in Invocations
    97 | D        | Found a glowing silver altar of Zin.
   101 | D        | Found a sacrificial altar of Ru.
   101 | D        | Found a radiant altar of Vehumet.
   101 | D        | Found Nigaah's Identification Station.
   103 | D        | Found a glowing golden altar of the Shining One.
   103 | D        | Found a basalt altar of Yredelemnul.
   103 | D        | Found Uzemninero's Delicious Food.
   108 | D        | Reached ** piety under Makhleb
   108 | D        | Arena points: 14 (+14) [x2]
   110 | D        | Found Zaarha's Advanced Armour.
   110 | D        | Found Udiolid's Jewellery.
   124 | D        | Bought a fine iron ring for 45 gold pieces
   124 | D        | Identified the ring "Hyfu" {rPois rC+ Dex+5 Stlth-} (You
                  | bought it in a shop in the Dungeon)
   127 | D        | Bought a clouded pewter amulet for 45 gold pieces
   127 | D        | Identified the amulet "Fairi" {Acrobat rPois Dex+4} (You
                  | bought it in a shop in the Dungeon)
   147 | D        | Round 2.
   153 | D        | Reached skill level 5 in Armour
   153 | D        | Reached skill level 5 in Shields
   153 | D        | Reached XP level 4. HP: 44/45 MP: 5/5
   229 | D        | Reached skill level 5 in Axes
   231 | D        | Noticed a queen ant
   257 | D        | Killed a queen ant
   257 | D        | Reached *** piety under Makhleb
   257 | D        | Reached XP level 5. HP: 57/57 MP: 6/11
   257 | D        | Reached XP level 6. HP: 66/66 MP: 6/12
   257 | D        | Reached XP level 7. HP: 72/72 MP: 6/13
   286 | D        | Arena points: 56 (+42) [x3]
   322 | D        | Round 3.
   347 | D        | Reached **** piety under Makhleb
   360 | D        | Reached XP level 8. HP: 72/81 MP: 15/15
   416 | D        | Reached ***** piety under Makhleb
   416 | D        | Arena points: 140 (+84) [x4]
   480 | D        | Round 4.
   480 | D        | Noticed an ogre mage
   489 | D        | Killed an ogre mage
   489 | D        | Reached skill level 10 in Axes
   489 | D        | Reached skill level 10 in Armour
   489 | D        | Reached skill level 10 in Shields
   489 | D        | Reached skill level 10 in Invocations
   522 | D        | Noticed Erolcha
   530 | D        | Killed Erolcha
   530 | D        | Gained mutation: You passively map the area around you.
                  | [Deep Dwarf growth]
   530 | D        | Reached XP level 9. HP: 69/90 MP: 15/17
   603 | D        | Arena points: 300 (+160) [x5]
   611 | D        | Bought a jewelled large shield for 332 gold pieces
   621 | D        | Identified the +0 large shield of Pounauc {MR- Int+9} (You
                  | bought it in a shop in the Dungeon)
   645 | D        | Round 5.
   646 | D        | Noticed the 27-headed Lernaean hydra
   654 | D        | Slain by the 26-headed Lernaean hydra

Vault maps used:
D:        arena_sprint

Skill      XL: |  1  2  3  4  5  6  7  8  9 |
---------------+----------------------------+-----
Fighting       | 3 4 7 8 |  8.9
Axes           | 3 4 8 9 10 11 | 11.1
Armour         | 4 5 8 9 10 | 10.5
Shields        | 4 5 8 9 10 | 10.6
Invocations    | 2 8 9 10 11 | 11.0
Dodging        | 4 |  4.5

Action                   |  1- 3 |  4- 6 |  7- 9 || total
-------------------------+-------+-------+-------++-------
Melee: War axe           |     8 |       |       ||     8
       Broad axe         |    15 |    19 |    72 ||   106
Invok: Minor Destruction |       |     9 |       ||     9
       Lesser Servant of |       |       |     7 ||     7
 Abil: Heal Wounds       |       |     1 |     1 ||     2
Evoke: Wand              |       |     1 |       ||     1
  Use: Potion            |       |     1 |     2 ||     3
 Stab: Distracted        |       |       |     2 ||     2
Armor: Scale mail        |     5 |     1 |    14 ||    20
Dodge: Dodged            |     6 |     9 |    21 ||    36
Block: Shield            |    10 |    21 |    35 ||    66

Table legend:
 A = Non-vault XP
 B = Vault XP
 C = Vault XP percentage of total XP
 D = Non-vault monster count
 E = Vault monster count
 F = Vault count percentage of total count
                 A         B        C        D         E       F
            +---------+---------+-------+---------+---------+-------
      Total |    3277 |       0 |   0.0 |      26 |       0 |   0.0
            +---------+---------+-------+---------+---------+-------
          D |    3277 |       0 |   0.0 |      26 |       0 |   0.0
            +---------+---------+-------+---------+---------+-------
